 Dungeon Crawl Stone Soup version 0.31-a0-1388-g4b2ba238e7 (webtiles) character file.

Game seed: 5535631804489632198

1175 Loonster the Grappler (level 8, -8/68 HPs)
             Began as a Troll Shapeshifter on Dec 24, 2023.
             Was an Initiate of Wu Jian.
             Mangled by a gnoll
             ... wielding a +0 halberd
             ... led by a gnoll sergeant
              (11 damage)
             ... on level 6 of the Dungeon.
             The game lasted 00:05:53 (3297 turns).

Loonster the Grappler (Troll Shapeshifter)          Turns: 3297, Time: 00:05:53

Health: -8/68      AC:  4    Str: 31    XL:     8   Next: 18%
Magic:  7/7        EV:  9    Int:  6    God:    Wu Jian [......]
Gold:   394        SH:  0    Dex:  9    Spells: 7/7 levels left

rFire   . .          .
                       - Unarmed
rCold   . . .        (no shield)
rNeg    . . .        a - +0 animal skin
rPois   .            (helmet currently unavailable)
rElec   .            (cloak currently unavailable)
rCorr   .            (gloves unavailable)
SInv    .            (boots unavailable)
Will    .....        (no amulet)
Stlth   +            g - +6 ring of strength
HPRegen 1.11/turn    (no ring)
MPRegen 0.10/turn

%: no passive effects
@: beast-form, invisible
A: beast (slay +3), large, unfitting armour, claws 3, regeneration 1, shaggy fur
1, tough skin 1
a: Begin Untransformation, Renounce Religion


You were on level 6 of the Dungeon.
You worshipped Wu Jian.
Wu Jian was noncommittal.
You were a hulking beast.
You visited 2 branches of the dungeon, and saw 7 of its levels.

You collected 394 gold pieces.

Inventory:

Armour
 a - a +0 animal skin (worn)
 t - a +0 cloak
 x - a +2 cloak
Jewellery
 g - a +6 ring of strength (left claw)
 o - a ring of fire
 s - a ring of flight
Talismans
 c - a beast talisman
 d - a flux talisman
Wands
 m - a wand of iceblast (10)
 u - a wand of polymorph (10)
 v - a wand of light (5)
Scrolls
 i - a scroll of enchant armour {unknown}
 k - a scroll of amnesia {unknown}
 p - 4 scrolls of immolation {unknown}
 q - 2 scrolls of teleportation {unknown}
 w - a scroll of identify {unknown}
 y - a scroll of blinking {unknown}
Potions
 b - 3 potions of lignification
 f - a potion of heal wounds {unknown}
 h - a potion of curing {unknown}
 j - 2 potions of enlightenment {unknown}
 l - 2 potions of degeneration {unknown}
 n - a potion of mutation {unknown}
 r - a potion of might {unknown}


   Skills:
 - Level 0.7 Fighting
 - Level 1.5 Dodging
 + Level 9.1 Unarmed Combat
 - Level 5.3 Shapeshifting


You had 7 spell levels left.
You didn't know any spells.
Your spell library contained the following spells:

 Spells                   Type           Power      Damage    Failure   Level
 Apportation              Tloc           0%         N/A       45%         1
 Jinxbite                 Hex            0%         N/A       58%         2
 Lesser Beckoning         Tloc           0%         N/A       58%         2
 Dazzling Flash           Conj/Hex       0%         N/A       83%         3
 Gell's Gravitas          Tloc           0%         N/A       83%         3
 Mephitic Cloud           Conj/Alch/Air  0%         N/A       83%         3
 Stone Arrow              Conj/Erth      0%         3d7       83%         3
 Teleport Other           Tloc           0%         N/A       83%         3
 Animate Armour           Summ/Erth      0%         N/A       99%         4
 Agony                    Necr           0%         N/A       100%        5
 Alistair's Intoxication  Alch           0%         N/A       100%        5
 Silence                  Hex/Air        0%         N/A       100%        5
 Lehudib's Crystal Spear  Conj/Erth      0%         10d2      100%        8


Dungeon Overview and Level Annotations

Branches:
Dungeon (6/15)             Temple (1/1) D:6

Altars:
Cheibriados
Dithmenos
Elyvilon
Fedhas
Gozag
Hepliaklqana
Kikubaaqudgha
Nemelex Xobeh
Okawaru
Qazlal
Ru
Trog
Vehumet
Wu Jian
Xom
Yredelemnul
Zin
The Shining One

Shops:
D:5 *

Annotations:
D:6 Pikel


Innate Abilities, Weirdness & Mutations

You are a hulking beast.
Your limbs bulge with bestial killing power. (Slay +3)
You are too large for most types of armour.
You have claws for hands.
Your natural rate of healing is unusually fast.
You are covered in fur. (AC +1)
You have tough skin. (AC +1)


Message History

You struggle against the net.
The gnoll hits you from afar with a +0 halberd.
You shred the net and break free! The gnoll closely misses you.
The gnoll hits you from afar with a +0 halberd!
Unknown command.
You scratch the gnoll.
The gnoll is moderately wounded.
The gnoll closely misses you. The gnoll hits you with a +0 flail.
The gnoll barely misses you. The gnoll sergeant barely misses you.
You mangle the gnoll!!
You kill the gnoll!
The Council accepts your kill. The gnoll closely misses you.
The gnoll hits you from afar with a +0 halberd.
The gnoll sergeant hits you from afar with a +0 trident!
You claw the gnoll!
You kill the gnoll!
The Council accepts your kill. The gnoll closely misses you.
The gnoll hits you with a +0 flail. The gnoll misses you.
The gnoll sergeant completely misses you.
You lunge at the gnoll, in a flurry of attacks.
You barely miss the gnoll. You mangle the gnoll!!
You kill the gnoll!
The Council accepts your kill. The gnoll hits you with a +0 halberd!
The gnoll barely misses you.
The gnoll sergeant hits you with a +0 trident.
Things that are here:
a +0 whip; a +0 flail; a gnoll corpse The gnoll hits you with a +0 halberd!
* * * LOW HITPOINT WARNING * * *
The gnoll hits you with a +0 flail.
* * * LOW HITPOINT WARNING * * *
The gnoll sergeant hits you with a +0 trident!
* * * LOW HITPOINT WARNING * * *
You see here a +0 halberd.
It was a potion of invisibility.
You fade into invisibility!
The gnoll hits you with a +0 halberd!
You die... ##### #... #... #... #..# #..## #...+ #ghg#

#g)## #..#
######.[##
#........+
#........#
+.......##
#.......#######
#...##...#....#


You could see a gnoll sergeant (unable to see you) and 2 gnolls.

Vanquished Creatures
  Grinder (D:3)
  Eustachio (D:4)
  A water moccasin (D:5)
  A black bear (D:5)
  2 lemures (D:5)
  3 phantoms
  2 bombardier beetles
  An orc priest (D:2)
  Crazy Yiuf (D:5)
  Jessica (D:3)
  Terence (D:3)
  An iguana (D:5)
  An orc wizard (D:2)
  A statue (D:5)
  3 adders
  6 gnolls
  A shadow imp (D:5)
  A worm (D:3)
  3 dart slugs
  3 orcs
  5 ball pythons
  3 endoplasms
  4 giant cockroaches
  12 goblins
  10 hobgoblins
  11 jackals
  3 kobolds
  5 quokkas
  3 bats
  3 frilled lizards
  4 rats
98 creatures vanquished.

Notes
Turn   | Place    | Note
-------+----------+-------------------------------------------
     0 | D:1      | Loonster the Troll Shapeshifter began the quest for the
                  | Orb.
     0 | D:1      | Reached XP level 1. HP: 18/18 MP: 0/0
   112 | D:1      | Reached XP level 2. HP: 21/26 MP: 1/1
   568 | D:2      | Reached XP level 3. HP: 28/32 MP: 2/2
   651 | D:2      | Reached skill level 4 in Unarmed Combat
   654 | D:2      | Reached XP level 4. HP: 39/40 MP: 3/3
   816 | D:2      | Identified the +7 dagger of the Big Fish {vamp, rC++ Str+3
                  | Stlth+}
  1110 | D:3      | Noticed Jessica
  1115 | D:3      | Killed Jessica
  1116 | D:3      | Reached skill level 5 in Unarmed Combat
  1440 | D:3      | Reached XP level 5. HP: 46/46 MP: 4/4
  1702 | D:3      | Noticed Terence
  1716 | D:3      | Killed Terence
  1747 | D:3      | Noticed Grinder
  1752 | D:3      | Killed Grinder
  1753 | D:3      | Reached skill level 7 in Unarmed Combat
  1753 | D:3      | Reached XP level 6. HP: 51/54 MP: 5/5
  2227 | D:4      | Reached XP level 7. HP: 61/61 MP: 6/6
  2459 | D:5      | Entered Level 5 of the Dungeon
  2463 | D:5      | Found a white marble altar of Elyvilon.
  2516 | D:5      | Noticed Eustachio
  2549 | D:4      | Killed Eustachio
  2550 | D:4      | Reached skill level 8 in Unarmed Combat
  2608 | D:5      | Found Zin's Purification Station.
  2612 | D:5      | Found a glowing silver altar of Zin.
  2731 | D:5      | Reached skill level 5 in Shapeshifting
  2802 | D:5      | Reached XP level 8. HP: 68/68 MP: 7/7
  2903 | D:5      | Found a radiant altar of Vehumet.
  2996 | D:5      | Found a stormy altar of Qazlal.
  3125 | D:5      | Found a runed translucent door.
  3126 | D:5      | Noticed Crazy Yiuf
  3130 | D:5      | Killed Crazy Yiuf
  3172 | D:6      | Noticed Pikel
  3223 | D:6      | Reached skill level 9 in Unarmed Combat
  3223 | D:6      | Found a staircase to the Ecumenical Temple.
  3241 | Temple   | Entered the Ecumenical Temple
  3262 | Temple   | Became a worshipper of the Wu Jian Council
  3296 | D:6      | HP: 2/68 [gnoll sergeant/+0 trident (9)]
  3297 | D:6      | Mangled by a gnoll

Illustrated notes

Levels and vault maps discovered:
D:1:      scummos_arrival_checkerplants, layout_loops_cross
D:2:      minmay_wonky_spiral, layout_basic
D:3:      layout_loops_corners, dreamdust_wishing_well, uniq_grinder,
          uniq_terence, uniq_jessica
D:4:      layout_gridville, minmay_ruptured
D:5:      layout_cave_pools, zin_purify, vehumet_statue,
          mainiacjoe_overflow_catch_the_wave, uniq_eustachio,
          uniq_crazy_yiuf_cottage
D:6:      layout_gridville, minmay_temple_entry_offerings, minmay_door_square,
          uniq_edmund, uniq_duvessa, uniq_pikel
Temple:   nicolae_temple_ecumenical_triangle

Skill      XL: |  1  2  3  4  5  6  7  8 |
---------------+-------------------------+-----
Unarmed Combat | 4 5 7 8 9 |  9.1
Shapeshifting  | 5 |  5.3
Fighting       | |  0.7
Dodging        | |  1.5

Action                     |  1- 3 |  4- 6 |  7- 9 || total
---------------------------+-------+-------+-------++-------
  Melee: Unarmed           |    66 |   123 |    74 ||   263
         Punch             |     2 |     3 |     4 ||     9
Ability: Lunge             |       |       |     1 ||     1
    Use: Potion            |       |       |     1 ||     1
 Armour: Animal skin       |    50 |    65 |    61 ||   176
         Skin              |       |     2 |       ||     2
  Dodge: Dodged            |    33 |    47 |    43 ||   123

Table legend: (Time is in decaauts)
 A = Elapsed time spent in this place.
 B = Non-inter-level travel time spent in this place.
 C = Inter-level travel time spent in this place.
 D = Time resting spent in this place.
 E = Time spent auto-exploring this place.
 F = Levels seen in this place.
 G = Mean time per level.
                   A        B        C        D        E       F      G
               +--------+--------+--------+--------+--------+-----+--------+
         Total |   3273 |   3089 |    184 |     15 |   2416 |   7 |  467.6 |
       Dungeon |   3234 |   3067 |    167 |     15 |   2416 |   6 |  539.0 |
        Temple |     38 |     21 |     17 |      0 |      0 |   1 |   38.0 |
               +--------+--------+--------+--------+--------+-----+--------+

Top non-repeatable levels by time:
     D:3: 871 daAuts
     D:5: 688 daAuts
     D:4: 637 daAuts
     D:2: 505 daAuts
     D:1: 471 daAuts
     D:6: 60 daAuts
  Temple: 38 daAuts
